Map: Kairos Junction LE

Players

pHARM

  • Race: Zerg Zerg
  • League: Platinum
  • Spawn Location: 11:00

Swiftdaddy - Winner!

  • Race: Zerg Zerg
  • League: Diamond
  • Spawn Location: 5:00

VOD

Have the link to the VOD?

Description

Time

  • Played on: July 20, 2019, 11:57 a.m.
  • Length: 5:37
Show
View Real Time Build Order
Export as new Build Order

pHARM Zerg 

Build Orders: Hatch First 

Get SALT Encoding   

  12  0:01  Drone  
  13  0:09  Drone  
  14  0:18  Overlord  
  14  0:36  Drone x2  
  16  0:43  Drone  
  17  0:54  Hatchery  
  16  0:59  Drone  
  16  1:00  Drone  
  18  1:14  Extractor  
  18  1:16  Spawning Pool  
  17  1:18  Drone  
  17  1:21  Drone  
  18  1:30  Drone  
  19  1:51  Overlord  
  19  2:07  Drone  
  19  2:08  Zergling x4  
  22  2:09  Queen x2  
  26  2:17  Metabolic Boost  
  26  2:25  Drone x2  
  26  2:26  Drone  
  29  2:44  Baneling Nest  
  28  2:49  Drone x4  
  32  3:05  Drone x3  
  33  3:11  Overlord  
  33  3:12  Zergling x2  
  34  3:20  Zergling x2  
  33  3:34  Zergling x8  
  33  3:35  Zergling x6  
  38  3:50  Queen x2  
  38  3:52  Zergling x6  
  43  4:00  Zergling x2  
  43  4:01  Zergling x8  
  41  4:06  Zergling x4  
  42  4:17  Zergling x4  
  43  4:29  Queen  
  42  4:33  Zergling x4  
  42  4:34  Baneling x3  
  44  4:40  Hatchery  
  43  4:49  Zergling x2  
  43  4:59  Zergling x2  
  41  5:00  Zergling x4  
  41  5:01  Baneling x3  
  42  5:10  Zergling x8  
Show
View Real Time Build Order
Export as new Build Order

Swiftdaddy Zerg - Winner!

Build Orders: Hatch First, Zergling Baneling 

Get SALT Encoding   

  12  0:01  Drone  
  13  0:12  Overlord  
  13  0:19  Drone  
  14  0:43  Hatchery  
  14  0:47  Drone  
  14  0:50  Drone  
  14  0:55  Drone  
  16  0:58  Drone  
  17  1:10  Drone  
  18  1:14  Extractor  
  17  1:19  Drone  
  18  1:30  Drone  
  19  1:36  Spawning Pool  
  18  1:42  Drone  
  19  1:52  Drone  
  20  1:57  Drone  
  21  2:10  Drone  
  21  2:11  Drone  
  21  2:14  Drone  
  24  2:17  Overlord  
  24  2:22  Queen x2  
  28  2:23  Metabolic Boost  
  28  2:37  Zergling x6  
  28  2:39  Baneling Nest  
  28  2:40  Zergling x2  
  31  2:47  Zergling x2  
  31  2:51  Zergling x2  
  32  3:09  Drone  
  32  3:10  Drone x2  
  35  3:14  Drone  
  36  3:25  Hatchery  
  34  3:37  Baneling x2  
  34  3:38  Baneling x2  
  34  3:39  Zergling x4  
  34  3:40  Overlord  
  32  4:04  Zergling x2  
  32  4:05  Zergling x14  
  32  4:09  Drone  
  40  4:20  Zergling x4  
  41  4:33  Baneling x4  
  41  4:34  Zergling x4  
  41  4:38  Zergling x8  
  45  4:39  Zergling x2  
  45  4:41  Overlord  
  48  4:52  Queen  
  47  5:07  Zergling x2  
  47  5:08  Zergling x18  
  47  5:09  Overlord x2  
Tags
 
Add a new tag
Caveats
  • Supply blocks, unpowered buildings, or Contaminate may cause inaccurate times.
  • Supply counts are checked every 10 seconds.